 Dungeon Crawl Stone Soup version 0.18-a0-1784-ga939a68 (webtiles) character file.

5037 wvc the Bludgeoner (level 10, -3/100 HPs)
             Began as an Ogre Monk on Apr 18, 2016.
             Was an Initiate of Ashenzari.
             Slain by a gnoll
             ... wielding a +0 trident
              (12 damage)
             ... in a bailey.
             The game lasted 00:20:56 (11240 turns).

wvc the Bludgeoner (Ogre Monk)                     Turns: 11240, Time: 00:20:57

Health: -3/100     AC:  4    Str: 25    XL:     10   Next: 55%
Magic:  10/10      EV: 13    Int:  9    God:    Ashenzari [......]
Gold:   379        SH:  0    Dex: 19    Spells: 0 memorised, 9 levels left

rFire  . . .     SeeInvis .     K - +3 giant club "Skullcrusher" {speed, Str+7} (curse)
rCold  . . .     Gourm    .     a - +0 robe
rNeg   . . .     Faith    .     (shield currently unavailable)
rPois  +         Spirit   .     n - +1 hat (curse)
rElec  .         Dismiss  .     (no cloak)
rCorr  .         Reflect  .     (gloves unavailable)
SustAt .         Harm     .     (boots unavailable)
MR     ++...                    (no amulet)
Stlth  ++........               D - ring of protection from magic
                                e - ring of Cowardice {rPois Dex+4} (curse)

@: very slow, very resistant to hostile enchantments, unstealthy
A: unfitting armour, tough skin 1
a: Curse Item, Renounce Religion


You were in a bailey.
You worshipped Ashenzari.
Ashenzari was noncommittal.
You were full.

You visited 2 branches of the dungeon, and saw 10 of its levels.
You also visited: Bailey.

You collected 379 gold pieces.

Inventory:

Hand Weapons
 h - a +0 mace
 v - a +0 giant club
 y - a +0 flail
 G - a +2 whip of freezing
 I - a +3 flail of venom
 K - the cursed +3 giant club "Skullcrusher" (weapon) {speed, Str+7}
   (You found it on level 8 of the Dungeon)

   Attacks with this weapon are significantly faster.
   It affects your strength (+7).
   It has a curse placed upon it.
Missiles
 g - 14 poisoned needles
 r - 7 needles of paralysis
 B - 7 javelins (quivered)
Armour
 a - a +0 robe (worn)
 n - a cursed +1 hat (worn)
 N - a swamp dragon hide
 P - a troll hide
Rods
 A - a +1 rod of inaccuracy (13/13)
   (You found it on level 6 of the Dungeon)
Jewellery
 e - the cursed ring of Cowardice (left hand) {rPois Dex+4}
   (You found it on level 5 of the Dungeon)

   [ring of poison resistance]

   It affects your dexterity (+4).
   It protects you from poison.
   It has a curse placed upon it.
 l - an uncursed ring of flight
 C - an uncursed ring of wizardry
 D - a ring of protection from magic (right hand)
Wands
 j - a wand of acid (8/15)
 p - a wand of disintegration (13/24)
 H - a wand of flame (20/48)
Scrolls
 m - a scroll of remove curse
 o - 5 scrolls of recharging
 z - a scroll of enchant weapon
 E - a scroll of fog
 Q - a scroll of magic mapping
 R - 2 scrolls of identify
Potions
 c - 2 potions of brilliance
 d - a potion of magic
 k - a potion of cancellation
 t - 3 potions of lignification
 w - a potion of flight {unknown}
 J - a potion of mutation
 M - a potion of haste {unknown}
Books
 f - a book of the Warp

   Spells                             Type                      Level
   a - Recall                         Summoning/Translocation      3
   b - Gell's Gravitas                Hexes/Translocation          3
   c - Force Lance                    Conjuration/Translocation    4
   d - Warp Weapon                    Charms/Translocation         5
   e - Summon Forest                  Summoning/Translocation      5
 F - a book of Cantrips

   Spells                             Type                      Level
   a - Corona                         Hexes                        1
   b - Animate Skeleton               Necromancy                   1
   c - Summon Small Mammal            Summoning                    1
   d - Apportation                    Translocation                1
Comestibles
 b - 10 bread rations
 i - 4 meat rations
 L - a royal jelly


   Skills:
 + Level 6.9 Fighting
 + Level 16.7 Maces & Flails
 + Level 4.8 Dodging
 - Level 1.5 Stealth
 - Level 3.6 Unarmed Combat
 + Level 0.1 Evocations


You had 9 spell levels left.
You didn't know any spells.

Dungeon Overview and Level Annotations

Branches:
Dungeon (9/15)             Temple (1/1) D:7             Orc (0/2) D:9
   Lair: D:8-11

Altars:
Ashenzari
Cheibriados
Dithmenos
Elyvilon
Fedhas
Gozag
Kikubaaqudgha
Makhleb
Nemelex Xobeh
Okawaru
Pakellas
Qazlal
Ru
Sif Muna
Trog
Vehumet
Xom
Yredelemnul
Zin
The Shining One

Shops:
D:6 }


Innate Abilities, Weirdness & Mutations

You are too large for most types of armour.
You have tough skin (AC +1).


Message History

* * * LOW HITPOINT WARNING * * *
The gnoll closely misses you.
Your magical contamination has completely faded away.
Drink which item? (? for menu, Esc to quit)
You feel better. The gnoll misses you. The gnoll hits you with a trident.
* * * LOW HITPOINT WARNING * * *
The gnoll misses you.
You sock the gnoll!
You kill the gnoll!
The gnoll barely misses you. The gnoll hits you with a trident.
* * * LOW HITPOINT WARNING * * *
You hit the gnoll but do no damage. You thump the gnoll!
The gnoll is almost dead.
The gnoll barely misses you. The gnoll hits you with a trident!
* * * LOW HITPOINT WARNING * * *
You bludgeon the gnoll!!
You kill the gnoll!
The gnoll barely misses you. The gnoll hits you with a trident!
You die...

♣♣♣♣♣♣♣♣♣♣♣
≈≈≈≈≈≈≈≈≈≈♣ #######
#...≈≈ ##.8...#
###..≈ ##...)..#
#..≈ #.......+ #..≈
#.g@..##### #..≈
#....##...# #..≈
##+###.....######..≈
#...$...#...'...
+...8..g'...'...
#...$...#...'...
##.....######..≈
##...## #..≈ #####
#..≈


You could see a gnoll.

Vanquished Creatures
  Pikel (D:7)
  The ghost of braks the Summoner, a novice DsSu (D:6)
  A troll (D:9)
  A two-headed ogre (D:9)
  Prince Ribbit (D:9)
  A wyvern (D:8)
  2 hippogriffs (D:8)
  2 orc warriors (D:9)
  2 black bears
  An ice beast (D:5)
  4 ogres
  2 centaurs (D:5)
  A big kobold (D:8)
  A gnoll sergeant (Bailey)
  3 giant frogs
  A scorpion (D:8)
  3 killer bees (D:7)
  2 wights (D:9)
  3 howler monkeys
  An electric eel (D:7)
  3 giant frog zombies
  3 crimson imps
  2 orc priests
  3 jellies
  8 hounds
  2 giant frog skeletons
  Jessica (D:7)
  3 iguanas
  Ijyb (D:2)
  4 worker ants
  6 orc wizards
  A killer bee zombie (D:6)
  A hound zombie (D:5)
  A hound skeleton (D:7)
  3 worker ant zombies
  7 gnolls
  14 adders
  2 shadow imps (D:8)
  An ooze (D:3)
  An adder skeleton (D:5)
  2 adder zombies
  2 worms (D:2)
  2 dart slugs
  4 giant geckos
  29 orcs
  5 giant cockroaches
  17 goblins
  4 hobgoblins
  8 jackals
  3 quokkas (D:3)
  3 ball pythons
  6 bats
  5 giant newts
  13 kobolds
  5 rats
209 creatures vanquished.

Vanquished Creatures (others)
  An orc warrior (D:7)
  2 slaves (D:7)
  A centaur skeleton (D:7)
  An adder (D:7)
  A giant gecko (D:7)
  4 orcs (D:7)
  A quokka (D:7)
11 creatures vanquished.

Grand Total: 220 creatures vanquished

Notes
Turn   | Place    | Note
--------------------------------------------------------------
     0 | D:1      | wvc the Ogre Monk began the quest for the Orb.
     0 | D:1      | Reached XP level 1. HP: 24/24 MP: 1/1
   238 | D:1      | Reached XP level 2. HP: 30/33 MP: 2/2
   628 | D:2      | Reached skill level 1 in Maces & Flails
   629 | D:2      | Reached skill level 2 in Maces & Flails
   664 | D:2      | Found a stormy altar of Qazlal.
   680 | D:2      | Reached XP level 3. HP: 17/40 MP: 3/3
   976 | D:2      | Found an iron altar of Okawaru.
  1140 | D:2      | Noticed Ijyb
  1179 | D:2      | Killed Ijyb
  1179 | D:2      | Reached skill level 3 in Maces & Flails
  1179 | D:2      | Reached XP level 4. HP: 28/49 MP: 4/4
  1233 | D:2      | Reached skill level 4 in Maces & Flails
  1624 | D:2      | Found a radiant altar of Vehumet.
  2009 | D:3      | Found a basalt altar of Yredelemnul.
  2258 | D:3      | Reached skill level 5 in Maces & Flails
  2423 | D:3      | Found a glowing silver altar of Zin.
  2425 | D:3      | Found an opulent altar of Gozag.
  2540 | D:3      | Reached XP level 5. HP: 55/55 MP: 5/5
  3195 | D:3      | Reached skill level 6 in Maces & Flails
  4271 | D:5      | Entered Level 5 of the Dungeon
  4323 | D:5      | Reached XP level 6. HP: 21/63 MP: 6/6
  4325 | D:5      | Reached skill level 7 in Maces & Flails
  4570 | D:5      | Got a bound pewter ring
  4580 | D:5      | Identified the ring of Cowardice {rPois Dex+4} (You found it on level 5 of the Dungeon)
  4812 | D:5      | Reached skill level 8 in Maces & Flails
  5101 | D:5      | Reached XP level 7. HP: 16/71 MP: 7/7
  5111 | D:5      | Reached skill level 9 in Maces & Flails
  5462 | D:5      | Found a sparkling altar of Nemelex Xobeh.
  6059 | D:5      | Reached skill level 10 in Maces & Flails
  6458 | D:6      | Reached XP level 8. HP: 79/79 MP: 8/8
  6487 | D:6      | Reached skill level 11 in Maces & Flails
  6497 | D:6      | Identified a +1 rod of inaccuracy (13/13) (You found it on level 6 of the Dungeon)
  6526 | D:6      | Found an opulent altar of Gozag.
  6796 | D:6      | Found Ullyemat's Gadget Shop.
  6797 | D:6      | Noticed braks's ghost (novice DsSu)
  6808 | D:6      | Killed braks's ghost
  6808 | D:6      | Reached skill level 12 in Maces & Flails
  6965 | D:6      | Reached skill level 13 in Maces & Flails
  7116 | D:7      | Noticed Pikel
  7123 | D:7      | Killed Pikel
  7123 | D:7      | Reached skill level 14 in Maces & Flails
  7123 | D:7      | Reached XP level 9. HP: 52/85 MP: 9/9
  8223 | D:7      | Reached skill level 15 in Maces & Flails
  8265 | D:7      | Found a staircase to the Ecumenical Temple.
  8274 | Temple   | Entered the Ecumenical Temple
  8374 | Temple   | Became a worshipper of Cheibriados the Contemplative
  8374 | Temple   | Reached * piety under Cheibriados
  8374 | Temple   | Reached ** piety under Cheibriados
  8490 | D:7      | Found a burning altar of Makhleb.
  8622 | D:7      | Noticed Jessica
  8640 | D:7      | Killed Jessica
  8646 | D:7      | Found a deep blue altar of Sif Muna.
  8809 | D:8      | Found a shimmering altar of Xom.
  8814 | D:8      | Found a shimmering altar of Xom.
  8894 | D:8      | Reached skill level 5 in Fighting
  9325 | D:8      | Reached skill level 16 in Maces & Flails
  9325 | D:8      | Reached XP level 10. HP: 65/96 MP: 10/10
  9532 | D:8      | Reached *** piety under Cheibriados
 10007 | Temple   | Fell from the grace of Cheibriados
 10007 | Temple   | Became a worshipper of Ashenzari the Shackled
 10802 | D:9      | Found a staircase to the Orcish Mines.
 10852 | D:9      | Noticed Prince Ribbit
 10857 | D:9      | Killed Prince Ribbit
 10861 | D:9      | Found a flagged portal.
 10877 | Bailey   | Entered a bailey
 11194 | Bailey   | HP: 4/100 [gnoll sergeant/halberd (18)]
 11240 | Bailey   | Slain by a gnoll

Vault maps used:
D:1:      mushboom_english_gardens
D:2:      lemuel_crystal_altar, nicolae_qazlal_general_emergency,
          vehumet_crystals, first_bread, uniq_iyjb
D:3:      grunt_temple_overflow_gold_and_silver, yredelemnul_altar_generic
D:4:      lemuel_upstairs_altar
D:5:      lemuel_doored_altar, minmay_ogre_servants
D:6:      serial_shops, kennysheep_mini_moat, nicolae_gozag_seed_capital
D:7:      marbit_many_paths, tgw_sif, minmay_temple_entry_poolview,
          grunt_ogre_cave, kennysheep_another_room, uniq_pikel
D:8:      xom_redecorated
D:9:      kennysheep_six_static_rooms, orc_0_dummy, enter_bailey_3,
          dk_noncrumbling_3, uniq_prince_ribbit1
Temple:   circular_temple_12
Bailey:   bailey_polearm_gnolls_kennysheep, bailey

Skill      XL: |  1  2  3  4  5  6  7  8  9 10 |
---------------+-------------------------------+-----
Dodging        | 3 4 |  4.8
Maces & Flails | 2 3 5 6 8 10 14 16 | 16.7
Fighting       | 5 6 |  6.9
Stealth        | |  1.5
Unarmed Combat | |  3.6
Evocations     | |  0.1

Action                   |  1- 3 |  4- 6 |  7- 9 | 10-12 || total
-------------------------+-------+-------+-------+-------++-------
Melee: Unarmed           |   104 |       |       |       ||   104
       Mace              |       |   249 |    44 |       ||   293
       Punch             |       |     6 |     1 |     1 ||     8
       Giant club        |       |       |    85 |    86 ||   171
       Flail             |       |       |   139 |    41 ||   180
Throw: Javelin           |       |       |     4 |       ||     4
Invok: Curse Item        |       |       |       |     3 ||     3
Evoke: Rod               |       |       |     1 |       ||     1
  Use: Scroll            |     3 |     8 |     8 |     7 ||    26
       Potion            |       |     3 |       |     4 ||     7
 Stab: Sleeping          |     3 |    15 |     9 |     1 ||    28
       Distracted        |       |       |       |     2 ||     2
  Eat: Chunk             |     1 |     5 |     4 |       ||    10
       Pizza             |       |     3 |       |       ||     3
       Beef jerky        |       |     1 |     1 |     6 ||     8
       Meat ration       |       |     1 |       |       ||     1
       Fruit             |       |       |     5 |       ||     5
Armor: Robe              |    23 |    38 |    33 |    13 ||   107
Dodge: Dodged            |    42 |   166 |   127 |    70 ||   405
